 Dungeon Crawl Stone Soup version 0.29-a0-359-g541a27f54d (webtiles) character file.

Game seed: 2483004360250253682

2802 jlumianski the Chopper (level 9, -6/71 HPs)
             Began as a Demonspawn Fighter on Apr 27, 2022.
             Was a Believer of Wu Jian.
             Killed from afar by an electric eel (9 damage)
             ... with a bolt of electricity
             ... on level 6 of the Dungeon on Apr 28, 2022.
             The game lasted 00:30:02 (6766 turns).

jlumianski the Chopper (Demonspawn Fighter)         Turns: 6766, Time: 00:30:03

Health: -6/71      AC: 18    Str: 21    XL:     9   Next: 44%
Magic:  12/12      EV: 10    Int:  9    God:    Wu Jian [**....]
Gold:   245        SH:  9    Dex: 13    Spells: 8/8 levels left

rFire   . . .      SeeInvis .   a - +0 war axe
rCold   . . .      Faith    .   y - +0 kite shield
rNeg    . . .      Spirit   .   h - +0 plate armour
rPois   .          Reflect  .   (helmet restricted)
rElec   .          Harm     .   F - +1 cloak of Starlight {*Dazzle EV+4 Stlth--}
rCorr   .          Rampage  .   Q - +0 pair of gloves
Will    .....                   m - +1 pair of boots
Stlth   ..........              (no amulet)
HPRegen 0.21/turn               k - +4 ring of slaying
MPRegen 0.13/turn               (no ring)

@: mighty
A: antennae 2, hooves 1, foul stench 1, powered by death 1
a: Renounce Religion, Wall Jump


You were on level 6 of the Dungeon.
You worshipped Wu Jian.
Wu Jian was pleased with you.
You visited 2 branches of the dungeon, and saw 7 of its levels.
You also visited: Sewer.

You collected 336 gold pieces.
You spent 91 gold pieces at shops.

Inventory:

Hand Weapons
 a - a +0 war axe (weapon)
 p - a +0 hunting sling of freezing
 r - a +0 dagger of flaming
 G - a +2 vampiric dagger
 L - a +2 short sword of venom
 O - a +0 vorpal hand axe
 S - a +2 morningstar
 T - a +0 war axe of flaming
Missiles
 f - 150 stones (quivered)
 t - 3 javelins
 C - 2 silver javelins
 J - a curare-tipped dart
 K - 4 poisoned darts
Armour
 b - a +0 scale mail
 c - a +0 buckler
 h - a +0 plate armour (worn)
 m - a +1 pair of boots (worn)
 o - a +0 helmet
 y - a +0 kite shield (worn)
 F - the +1 cloak of Starlight (worn) {*Dazzle EV+4 Stlth--}
   (You found it on level 4 of the Dungeon)

   It may blind those who miss an attack against the wearer in melee combat.
   EV:        It affects your evasion (+4).
   Stlth:     It makes you much less stealthy.
 Q - a +0 pair of gloves (worn)
Magical Staves
 A - a staff of cold
 B - a staff of air
Jewellery
 k - a +4 ring of slaying (left hand)
 u - the ring "Reurra" {Fire rPois rN+}
   (You took it off a gnoll on level 3 of the Dungeon)

   [ring of fire]

   It enhances your fire magic.
   rF:        It protects you from fire.
   rC:        It makes you vulnerable to cold.
   rPois:     It protects you from poison.
   rN:        It protects you from negative energy.
 D - a ring of fire
Wands
 q - a wand of flame (18)
 x - a wand of polymorph (13)
 H - a wand of digging (7)
 P - a wand of iceblast (6)
 U - a wand of mindburst (3)
Scrolls
 s - 3 scrolls of teleportation
 z - 2 scrolls of blinking
 E - a scroll of silence
 I - a scroll of immolation
 R - 2 scrolls of identify
Potions
 d - 5 potions of might
 e - 2 potions of invisibility
 g - 3 potions of magic
 i - 2 potions of brilliance
 j - 2 potions of curing
 l - a potion of attraction
 n - 2 potions of ambrosia
 v - 2 potions of haste
 w - 3 potions of degeneration
 M - a potion of resistance
 N - 2 potions of cancellation


   Skills:
 + Level 6.4 Fighting
 + Level 7.5 Axes
 + Level 3.9(4.6) Slings
 + Level 3.8(4.6) Throwing
 + Level 5.8 Armour
 + Level 3.7 Dodging
 + Level 0.7 Stealth
 + Level 5.2 Shields
 + Level 5.0 Invocations
 + Level 3.6 Evocations


You had 8 spell levels left.
You didn't know any spells.
Your spell library was empty.

Dungeon Overview and Level Annotations

Branches:
Dungeon (6/15)             Temple (1/1) D:4           Sewer (visited)

Altars:
Ashenzari
Cheibriados
Dithmenos
Elyvilon
Fedhas
Gozag
Makhleb
Okawaru
Qazlal
Ru
Sif Muna
Vehumet
Wu Jian
Xom
Yredelemnul

Shops:
D:6 (


Innate Abilities, Weirdness & Mutations

You have a pair of antennae on your head.
You have large cloven feet.
You may rarely emit foul miasma when damaged in melee.
You regenerate a little health from kills.


Message History

HP restored.
You enter the shallow water.
Moving in this stuff is going to be slow.
Found a broken altar of Ashenzari.
N - 2 potions of cancellation (gained 1)
You enter the shallow water.
Moving in this stuff is going to be slow.
The electric eel shoots out a bolt of lightning at you!
The bolt of electricity hits you but does no damage.
The electric eel shoots out a bolt of lightning at you!
The bolt of electricity hits you but does no damage.
The electric eel shoots out a bolt of lightning at you!
The bolt of electricity hits you!
The electric eel shoots out a bolt of lightning at you!
The bolt of electricity hits you!
You hit the electric eel.
The electric eel is moderately wounded.
The electric eel shoots out a bolt of lightning at you!
The bolt of electricity hits you. The bolt of electricity hits you!
The bolt of electricity hits the electric eel.
The electric eel completely resists.
The bolt of electricity hits the plant!
The plant begins to die.
The electric eel shoots out a bolt of lightning at you!
The bolt of electricity hits you. The bolt of electricity hits you!
The bolt of electricity hits the electric eel.
The electric eel completely resists.
The bolt of electricity hits the plant.
You miss the electric eel.
The electric eel is moderately wounded.
The electric eel shoots out a bolt of lightning at you!
The bolt of electricity hits you!
* * * LOW HITPOINT WARNING * * *
The bolt of electricity misses you.
The bolt of electricity misses the electric eel.
The bolt of electricity hits the plant!
You feel very mighty all of a sudden.
The electric eel shoots out a bolt of lightning at you!
The bolt of electricity hits you!
* * * LOW HITPOINT WARNING * * *
The bolt of electricity hits you!
You die...

####≈♣♣♣♣♣≈≈≈P≈≈≈≈P## #.........
..#≈♣≈≈≈≈♣♣♣♣≈≈≈≈≈≈≈####.########
..P≈≈≈≈≈≈≈≈≈≈≈≈≈≈≈≈≈.............
......................##.##.#####
≈.≈P≈≈≈≈≈≈≈≈≈≈P≈≈≈≈♣..##.##.#####
≈.≈≈≈≈≈≈≈≈≈≈P≈≈≈≈≈♣#####.........
≈.≈≈P≈P≈≈♣≈≈≈≈P≈P≈..........#....
≈.≈≈≈♣♣♣♣...♣≈♣≈S.......)...#.###
≈.≈≈♣♣ ≈..).....@................
≈.≈≈♣ .........#######.....#.#.#
≈.≈≈♣ ≈#####....# ## #.#...#.#.#
≈.≈≈≈♣ ####....#PP≈ #.#...#.#.#
P.≈≈≈♣♣♣♣.......≈...P...#.#.#.#.#
≈.≈≈≈≈≈≈♣......PP≈P≈.≈≈..........
≈.≈≈≈≈≈P♣##....≈≈♣≈≈≈≈PP..#.#.#.#
≈.≈≈≈≈≈P≈♣#....≈♣♣♣♣♣♣≈..##...#..
≈.≈PP≈≈≈≈≈≈....≈♣ ♣≈≈P# #...#..


You could see an electric eel.

Vanquished Creatures
  Menkaure (D:4)
  A sky beast (D:6)
  A phantom (D:6)
  A kobold brigand (Sewer)
  A bullfrog (D:5)
  A gnoll sergeant (D:4)
  A necrophage (D:4)
  2 scorpions
  4 wights (D:6)
  A howler monkey (D:5)
  2 electric eels (D:6)
  6 hounds
  An orc priest (D:6)
  4 iguanas
  5 orc wizards (D:4)
  Robin (D:2)
  11 gnolls
  14 adders
  5 river rats (Sewer)
  A white imp (D:5)
  2 ufetubi
  2 worms
  2 dart slugs
  16 orcs
  8 endoplasms
  6 giant cockroaches
  15 goblins
  11 hobgoblins
  7 jackals
  24 kobolds
  8 quokkas
  11 ball pythons
  7 bats
  3 frilled lizards
  22 rats
208 creatures vanquished.

Vanquished Creatures (others)
  27 plants (D:6)
27 creatures vanquished.

Grand Total: 235 creatures vanquished

Notes
Turn   | Place    | Note
-------+----------+-------------------------------------------
     0 | D:1      | jlumianski the Demonspawn Fighter began the quest for the
                  | Orb.
     0 | D:1      | Reached XP level 1. HP: 18/18 MP: 1/1
   212 | D:1      | Gained mutation: You may rarely emit foul miasma when
                  | damaged in melee. [demonic ancestry]
   212 | D:1      | Reached XP level 2. HP: 23/24 MP: 2/2
   218 | D:1      | Reached skill level 2 in Axes
   656 | D:1      | Gained mutation: You regenerate a little health from kills.
                  | [demonic ancestry]
   656 | D:1      | Reached XP level 3. HP: 29/29 MP: 3/3
   807 | D:1      | Found a faded altar of an unknown god.
  1089 | D:2      | Noticed Robin
  1110 | D:2      | Killed Robin
  1141 | D:2      | Reached skill level 3 in Axes
  1185 | D:2      | Reached XP level 4. HP: 35/35 MP: 4/4
  1482 | D:2      | You fall into a shaft and drop 1 floor!
  1670 | D:3      | Identified the ring "Reurra" {Fire rPois rN+}
  1691 | D:3      | Discovered your monstrous ancestry.
  1691 | D:3      | Gained mutation: You have a pair of small antennae on your
                  | head. [demonic ancestry]
  1691 | D:3      | Reached XP level 5. HP: 25/42 MP: 5/5
  2211 | D:3      | Reached skill level 1 in Slings
  2632 | D:4      | Reached skill level 1 in Throwing
  2702 | D:4      | Reached skill level 4 in Axes
  2702 | D:4      | Gained mutation: You have large cloven feet. [demonic
                  | ancestry]
  2702 | D:4      | Reached XP level 6. HP: 42/48 MP: 6/6
  2960 | D:4      | Reached skill level 1 in Dodging
  3198 | D:4      | Gained mutation: You have a pair of antennae on your head.
                  | [demonic ancestry]
  3198 | D:4      | Reached XP level 7. HP: 41/54 MP: 7/7
  3217 | D:4      | Found a staircase to the Ecumenical Temple.
  3253 | Temple   | Entered the Ecumenical Temple
  3258 | Temple   | Became a worshipper of the Wu Jian Council
  3296 | D:4      | Found the +1 cloak of Starlight {*Dazzle EV+4 Stlth--}
  3468 | D:4      | Found a shimmering altar of Xom.
  3497 | D:5      | Entered Level 5 of the Dungeon
  3542 | D:5      | Reached skill level 5 in Axes
  3577 | D:5      | Found a glowing drain.
  3607 | Sewer    | Entered a sewer
  3801 | Sewer    | Reached * piety under Wu Jian
  4256 | D:5      | Reached skill level 6 in Axes
  4256 | D:5      | Reached skill level 5 in Armour
  4256 | D:5      | Reached skill level 5 in Shields
  4256 | D:5      | Reached skill level 5 in Invocations
  4256 | D:5      | Reached XP level 8. HP: 55/64 MP: 7/11
  4742 | D:5      | Reached ** piety under Wu Jian
  4783 | D:5      | Noticed Menkaure
  4792 | D:4      | Reached XP level 9. HP: 37/69 MP: 12/12
  4794 | D:4      | Killed Menkaure
  4795 | D:4      | Reached skill level 7 in Axes
  5388 | D:5      | Found a stormy altar of Qazlal.
  5772 | D:6      | Found a blossoming altar of Fedhas.
  6113 | D:6      | Found Jureumo's Hydra Hut.
  6124 | D:6      | Noticed a seven-headed hydra
  6127 | D:6      | Bought a +0 war axe of flaming for 91 gold pieces
  6718 | D:6      | Found a broken altar of Ashenzari.
  6766 | D:6      | HP: 3/71 [electric eel/bolt of electricity (10)]
  6766 | D:6      | Killed from afar by an electric eel

Illustrated notes

Levels and vault maps discovered:
D:1:      dpeg_arrival_pits, layout_loops_ring, chequers_ecumenical_altar_grove,
          lemuel_flame_loot_1
D:2:      layout_basic, kennysheep_nondescript, minmay_ruptured, uniq_robin
D:3:      layout_basic
D:4:      minmay_clustersquares, layout_cave_pools, overflow_temple_1_default,
          minmay_temple_entry_glassed_door, kennysheep_pointless_box
D:5:      layout_cave_pods, nicolae_qazlal_style_of_elements,
          portal_sewer_entry_f, uniq_menkaure
D:6:      layout_basic, fedhas_altar_fruit_tree,
          gammafunk_temple_overflow_statue, mainiacjoe_overflow_paths,
          serial_bayou, serial_bayou_pond_c, serial_bayou_pond_b,
          serial_bayou_lagoon_b, serial_bayou_pond_e, doesnt_shop_hydraphobe
Temple:   minmay_freezing_vapour_temple

Skill      XL: |  1  2  3  4  5  6  7  8  9 |
---------------+----------------------------+-----
Axes           | 2 3 4 6 7 |  7.5
Armour         | 3 4 5 |  5.8
Slings         | 1 3 |  3.9
Throwing       | 1 3 |  3.8
Shields        | 3 5 |  5.2
Dodging        | 1 3 |  3.7
Fighting       | 4 6 |  6.4
Invocations    | 5 |  5.0
Evocations     | 3 |  3.6
Stealth        | |  0.7

Action                   |  1- 3 |  4- 6 |  7- 9 || total
-------------------------+-------+-------+-------++-------
Melee: War axe           |   115 |   119 |   238 ||   472
 Fire: Hunting sling     |       |    34 |       ||    34
Throw: Stone             |       |     7 |       ||     7
Invok: Lunge             |       |       |    24 ||    24
       Whirlwind         |       |       |     6 ||     6
 Abil: Wall Jump         |       |       |     6 ||     6
  Use: Scroll            |     5 |     9 |     6 ||    20
       Potion            |     1 |       |     3 ||     4
 Stab: Invisible         |       |       |     2 ||     2
Armor: Scale mail        |    30 |       |       ||    30
       Plate armour      |    56 |    95 |   115 ||   266
Dodge: Dodged            |    40 |    48 |    93 ||   181
Block: Buckler           |    28 |    31 |    38 ||    97
       Kite shield       |       |       |    43 ||    43

Table legend: (Time is in decaauts)
 A = Elapsed time spent in this place.
 B = Non-inter-level travel time spent in this place.
 C = Inter-level travel time spent in this place.
 D = Time resting spent in this place.
 E = Time spent auto-exploring this place.
 F = Levels seen in this place.
 G = Mean time per level.
                   A        B        C        D        E       F      G
               +--------+--------+--------+--------+--------+-----+--------+
         Total |   6989 |   6954 |     35 |    617 |   3838 |   8 |  873.6 |
       Dungeon |   6411 |   6376 |     35 |    617 |   3640 |   6 | 1068.5 |
        Temple |     10 |     10 |      0 |      0 |      0 |   1 |   10.0 |
         Sewer |    567 |    567 |      0 |      0 |    198 |   1 |  567.0 |
               +--------+--------+--------+--------+--------+-----+--------+

Top non-repeatable levels by time:
     D:5: 1270 daAuts
     D:4: 1258 daAuts
     D:6: 1210 daAuts
     D:3: 1129 daAuts
     D:1: 923 daAuts
     D:2: 620 daAuts
   Sewer: 567 daAuts
  Temple: 10 daAuts
